 Dungeon Crawl Stone Soup version 0.30-a0-830-gfe289a77b0 (webtiles) character file.

Game seed: 12454087269322834932

255828 themarg the Convoker (level 19, -24/139 (140) HPs)
             Began as a Merfolk Summoner on Feb 27, 2023.
             Was the Champion of Fedhas.
             Killed from afar by Roxanne (58 damage)
             ... with a crystal spear
             ... on level 1 of the Elven Halls on Feb 28, 2023.
             The game lasted 03:53:33 (60585 turns).

themarg the Convoker (Merfolk Summoner)            Turns: 60585, Time: 03:53:34

HP:   -24/139 (140) AC: 20    Str:  9    XL:     19   Next: 79%
MP:   10/33         EV: 16    Int: 22    God:    Fedhas [******]
Gold: 2868          SH: 13    Dex: 17    Spells: 1/39 levels left

rFire   . . .      SeeInvis .    b - +5 demon trident (elec)
rCold   + . .      Faith    .    H - +0 kite shield {reflect}
rNeg    . . .      Spirit   .    M - +2 troll leather armour
rPois   .          Reflect  +    X - +2 helmet
rElec   +          Harm     .    F - +2 cloak
rCorr   .          Rampage  .    z - +2 pair of gloves
Will    ++...                    W - +2 pair of boots
Stlth   ++                       h - amulet of magic regeneration
HPRegen 1.23/turn                g - ring "Qyadet" {rElec rC+}
MPRegen 0.63/turn                R - ring of Odghimof {Will+ Dex+3}

@: very slightly contaminated, lightly drained
A: (nimble swimmer 2), mertail
}: 2/15 runes: serpentine, barnacled
a: Renounce Religion, Wall of Briars, Grow Ballistomycete, Overgrow, Grow Oklob


You were on level 1 of the Elven Halls.
You worshipped Fedhas.
Fedhas was exalted by your worship.
You visited 6 branches of the dungeon, and saw 31 of its levels.
You also visited: Bailey and Ice Cave.

You collected 6356 gold pieces.
You spent 3488 gold pieces at shops.

Inventory:

Hand Weapons
 a - the +8 trident of the Octopus King {venom, rElec rPois}
   (You found it on level 5 of the Lair of Beasts)

   rElec:     It insulates you from electricity.
   rPois:     It protects you from poison.
 b - a +5 demon trident of electrocution (weapon)
Missiles
 d - 41 poisoned darts (quivered)
 k - 11 silver javelins
 l - 74 boomerangs
 y - 16 javelins
 E - 8 throwing nets
 N - 12 curare-tipped darts
 T - 8 boomerangs of dispersal
Armour
 z - a +2 pair of gloves (worn)
 F - a +2 cloak (worn)
 H - a +0 kite shield of reflection (worn)
 M - a +2 troll leather armour (worn)
 W - a +2 pair of boots (worn)
 X - a +2 helmet (worn)
Jewellery
 g - the ring "Qyadet" (left hand) {rElec rC+}
   (You bought it in a shop on level 7 of the Dungeon)

   [ring of protection from cold]

   rC:        It protects you from cold.
   rElec:     It insulates you from electricity.
 h - an amulet of magic regeneration (around neck)
 v - a ring of see invisible
 R - the ring of Odghimof (right hand) {Will+ Dex+3}
   (You bought it in a shop on level 7 of the Dungeon)

   [ring of willpower]

   Dex:       It affects your dexterity (+3).
   Will:      It increases your willpower.
 Z - a ring of wizardry
Wands
 i - a wand of mindburst (20)
 t - a wand of polymorph (5)
 x - a wand of quicksilver (13)
 A - a wand of charming (23)
 K - a wand of iceblast (4)
Scrolls
 c - 4 scrolls of vulnerability
 j - 5 scrolls of immolation
 m - 2 scrolls of summoning
 q - 2 scrolls of blinking
 s - 5 scrolls of amnesia
 u - 4 scrolls of torment
 w - 6 scrolls of poison
 C - 9 scrolls of teleportation
 D - a scroll of magic mapping
 J - a scroll of fear
 O - 5 scrolls of fog
Potions
 e - 6 potions of brilliance
 n - 3 potions of flight
 o - 8 potions of might
 p - 7 potions of curing
 r - 6 potions of magic
 B - 5 potions of lignification
 G - a potion of cancellation
 L - 4 potions of mutation
 P - 2 potions of haste
 U - 5 potions of invisibility
 V - 4 potions of resistance
 Y - 4 potions of heal wounds
Miscellaneous
 f - a condenser vane
 I - a phantom mirror
 Q - a tin of tremorstones (2/2)
 S - a phial of floods


   Skills:
 - Level 10.0 Fighting
 - Level 10.0 Polearms
 - Level 2.0 Throwing
 * Level 7.7 Armour
 - Level 10.0 Dodging
 - Level 3.0 Stealth
 - Level 14.0 Shields
 - Level 10.6 Spellcasting
 - Level 5.0 Conjurations
 - Level 3.0 Hexes
 - Level 17.0 Summonings
 - Level 7.0 Necromancy
 - Level 3.0 Translocations
 - Level 7.0 Ice Magic
 - Level 5.0 Air Magic
 + Level 5.4 Earth Magic
 - Level 10.0 Invocations
 - Level 10.0 Evocations


You had one spell level left.
You knew the following spells:

 Your Spells              Type           Power      Damage    Failure   Level
a - Summon Lightning Spi  Summ/Air       56%        N/A       1%          4
b - Summon Hydra          Summ           36%        N/A       11%         7
c - Call Canine Familiar  Summ           72%        N/A       1%          3
d - Summon Guardian Gole  Hex/Summ       53%        N/A       1%          3
e - Frozen Ramparts       Ice            84%        1d13      2%          3
f - Summon Ice Beast      Ice/Summ       59%        N/A       1%          4
g - Blink                 Tloc           48%        N/A       6%          2
h - Borgnjor's Vile Clut  Necr/Erth      19%        N/A       30%         5
i - Summon Forest         Summ/Tloc      26%        N/A       6%          5
S - Sublimation of Blood  Necr           42%        N/A       1%          2

Your spell library contained the following spells:

 Spells                   Type           Power      Damage    Failure   Level
 Summon Small Mammal      Summ           100%       N/A       0%          1
 Kiss of Death            Conj/Necr      100%       2d13      1%          1
 Necrotise                Necr           100%       1d9       1%          1
 Call Imp                 Summ           72%        N/A       1%          2
 Vampiric Draining        Necr           42%        2d9       2%          3
 Hailstorm                Conj/Ice       38%        3d9       3%          3
 Cigotuvi's Dreadful Rot  Necr/Pois/Air  58%        N/A       4%          2
 Kindle Blastsparks       Fire/Tloc/Air  46%        2d13      14%         3
 Wereblood                Tmut           11%        N/A       22%         2
 Agony                    Necr           42%        N/A       22%         5
 Ice Form                 Ice/Tmut       27%        N/A       32%         4
 Freezing Cloud           Conj/Ice/Air   18%        6-21      36%         5
 Ignite Poison            Fire/Tmut/Pois 11%        N/A       38%         3
 Cause Fear               Hex            12%        N/A       38%         4
 Manifold Assault         Tloc           24%        N/A       38%         4
 Simulacrum               Ice/Necr       21%        N/A       77%         6
 Alistair's Intoxication  Tmut/Pois      7%         N/A       98%         5
 Eringya's Noxious Bog    Tmut/Pois      5%         N/A       100%        6
 Storm Form               Tmut/Air       11%        N/A       100%        7
 Borgnjor's Revivificati  Necr           21%        N/A       100%        8
 Necromutation            Tmut/Necr      13%        N/A       100%        8
 Death's Door             Necr           21%        N/A       100%        9


Dungeon Overview and Level Annotations

Branches:
Dungeon (15/15)            Temple (0/1) D:4            Lair (5/5) D:10
 Shoals (4/4) Lair:3        Snake (4/4) Lair:3        Slime (0/5) Lair:5
    Orc (2/2) D:10            Elf (1/3) Orc:2        Vaults (0/5) D:13
 Depths (0/4) D:15         Bailey (visited)           IceCv (visited)

Altars:
Dithmenos
Elyvilon
Fedhas
Gozag
Hepliaklqana
Nemelex Xobeh
Okawaru
Qazlal
Sif Muna
Wu Jian
Jiyva

Shops:
D:4 :   D:7 =   D:14 (   Orc:1 ?   Orc:2 (=[!   Shoals:1 =   Shoals:3 =
Snake:1 ([([*

Annotations:
Shoals:4 1 exclusion
Elf:1 Roxanne


Innate Abilities, Weirdness & Mutations

((You are very nimble when in or above water. (Stealth+, EV+, Speed+++)))
Your lower body shifts to a powerful aquatic tail in water.


Message History

Space becomes stable.
Your six-headed hydra bites Roxanne but does no damage.
Your six-headed hydra bites Roxanne.
Your six-headed hydra bites Roxanne but does no damage. x4
Your ice beast hits Roxanne but does no damage.
Roxanne mumbles some strange words.
The bolt of magma hits your ice beast!!!
Your ice beast melts!
Your ice beast dies!
Your ice beast disappears in a puff of smoke!
You hit Roxanne.
Roxanne is severely damaged.
Your six-headed hydra disappears in a puff of smoke!
Roxanne casts a spell.
The bolt of magma hits you!!
You hit Roxanne but do no damage.
Roxanne is severely damaged.
You hit Roxanne but do no damage.
Roxanne is severely damaged.
You miscast Summon Hydra.
You are very lightly contaminated with residual magic.
A fistful of eyes flickers past your view.
A nameless horror comes into view.
You hit Roxanne but do no damage.
Roxanne is severely damaged.
Roxanne mumbles some strange words.
The bolt of magma hits you!!
* * * LOW HITPOINT WARNING * * *
You hit Roxanne but do no damage.
Roxanne is severely damaged.
You hit Roxanne but do no damage.
Roxanne is severely damaged.
The nameless horror hits you but does no damage.
You puncture Roxanne!
Roxanne is severely damaged.
You block the nameless horror's attack.
Roxanne mumbles some strange words.
The crystal spear hits you!!!
You die...
Fedhas appreciates your contribution to the ecosystem.

#♣♣#♣#### #.......♣ ###
#.......♣ ###.### ######
#.....#
'.....########.X..###.....#
#.....'........8@........♣
#.....########...###.#...##
##'.#'## #####♣.♣♣#.♣)##
#.####.## #♣.## #.##.♣# '##
##.#########.## #####.## ##
##'##...##'♣# ##.## .#
##.......## ##.##
.########.......# ##.##
.'......'.......# ##'.


You could see Roxanne and a nameless horror.

Vanquished Creatures
  A shard shrike (IceCv)
  Nikola (Snake:3)
  Polyphemus (Shoals:2)
  Kirke (Snake:2)
  A frost giant (Shoals:4)
  An ironbound preserver (D:13)
  A merfolk javelineer (Shoals:2)
  A deep elf death mage (Elf:1)
  A merfolk impaler (Shoals:4)
  2 hydras
  6 anacondas
  2 ironbound frosthearts (IceCv)
  2 centaur warriors
  3 merfolk aquamancers
  A two-headed ogre (D:11)
  2 boulder beetles
  A satyr (Shoals:4)
  2 naga warriors (Snake:4)
  A catoblepas (Shoals:2)
  A death yak (Lair:5)
  A tengu warrior (D:13)
  The ghost of olddryhag the Ruffian, a novice DrTm of Wu Jian (D:9)
  2 shock serpents (Snake:4)
  3 naga sharpshooters
  An orc high priest (Orc:1)
  3 deep elf knights (Elf:1)
  A salamander mystic (Snake:4)
  5 sea snakes
  An anaconda zombie (Snake:2)
  2 naga ritualists
  2 orc knights (Orc:2)
  3 deep elf zephyrmancers (Elf:1)
  5 mana vipers
  4 deep elf pyromancers (Elf:1)
  A cyclops (Orc:1)
  A salamander (Snake:4)
  A faun (Shoals:3)
  2 manticores
  4 ugly things (IceCv)
  7 elephants
  A guardian serpent (Snake:4)
  A merfolk siren (Shoals:3)
  A naga mage (Snake:1)
  10 black mambas
  5 cane toads
  2 unseen horrors (D:12)
  3 anaconda simulacra (Snake:2)
  2 rime drakes
  3 komodo dragons
  A tengu conjurer (D:13)
  A troll (D:11)
  A merfolk (Shoals:4)
  3 polar bears (IceCv)
  A meliai (D:14)
  2 wind drakes
  28 nameless horrors
  4 dream sheep
  2 snapping turtles
  Sigmund (D:5)
  A slime creature (D:13)
  A centaur simulacrum (D:14)
  2 water elementals
  2 hogs (Snake:2)
  8 yaks
  2 steam dragons (Lair:5)
  A fire elemental (Elf:1)
  4 nagas
  2 wargs (D:10)
  2 water moccasins
  An orc warrior (Orc:2)
  A wolf (Lair:1)
  An ogre (D:15)
  2 phantoms
  3 kobold brigands (Bailey)
  A bullfrog (Lair:1)
  A necrophage (D:5)
  An earth elemental (Elf:1)
  A wight (D:6)
  An electric eel (Snake:2)
  12 orc priests
  Natasha (D:4)
  An iguana (D:5)
  An orc wizard (Orc:1)
  2 gnolls
  An ufetubus (D:5)
  9 orcs
  9 goblins
  A jackal (D:2)
  A quokka (D:3)
  4 bats
  2 kobolds
236 creatures vanquished.

Vanquished Creatures (collateral kills)
  Vashnia (Snake:3)
  Jorgrun (D:13)
  Mlioglotl (Shoals:3)
  A kraken (Shoals:4)
  Ilsuiw (Shoals:2)
  A nagaraja (Snake:3)
  Donald (Shoals:1)
  A frost giant (Shoals:4)
  Aizul (Snake:3)
  The ghost of Jeffwins the Thaumaturge, a journeyman HuWn of Vehumet (Orc:2)
  A white draconian (IceCv)
  The ghost of Sotat the Unseen, a journeyman KoEn of Wu Jian (Lair:1)
  7 merfolk javelineers
  A fire dragon (Lair:5)
  9 merfolk impalers (Shoals:4)
  A rakshasa (D:15)
  A salamander tyrant (Snake:4)
  2 hydras
  Erolcha (D:11)
  3 ironbound frosthearts (IceCv)
  5 merfolk aquamancers (Shoals:4)
  6 anacondas
  2 catoblepae
  6 merfolk avatars
  A death knight (D:13)
  2 alligator snapping turtles
  6 centaur warriors
  3 two-headed ogres
  12 death yaks
  A vampire mage (D:15)
  4 orc high priests (Orc:2)
  A tengu warrior (D:13)
  5 dancing weapons (Elf:1)
  9 shock serpents
  11 naga sharpshooters
  Urug (Lair:5)
  6 naga warriors
  Sonja (Orc:2)
  A deep elf knight (Elf:1)
  2 skysharks (Shoals:1)
  3 spectral anacondas (Snake:2)
  2 skeletal warriors
  4 anaconda zombies (Snake:2)
  2 salamander mystics (Snake:4)
  2 spark wasp zombies (D:15)
  7 sea snakes
  3 naga ritualists
  An orange crystal statue (IceCv)
  6 deep elf archers (Elf:1)
  A wizard (D:15)
  4 necromancers
  2 orc knights (D:15)
  4 deep elf zephyrmancers (Elf:1)
  A harpy (shapeshifter) (Elf:1)
  2 lindwurms
  11 harpies
  11 deep elf pyromancers
  9 mana vipers
  2 orc sorcerers (Orc:2)
  5 cyclopes
  6 fauns
  9 ugly things
  9 salamanders
  23 black mambas
  6 guardian serpents
  15 manticores
  Joseph (D:8)
  10 merfolk sirens
  Maurice (D:13)
  6 naga magi
  A torpor snail (Lair:3)
  3 water nymphs
  11 cane toads
  12 elephants
  Maggie (D:8)
  An efreet (D:13)
  27 rime drakes
  A freezing wraith (D:14)
  6 komodo dragons
  Psyche (D:8)
  3 unseen horrors
  A guardian mummy (D:15)
  3 anaconda simulacra (Snake:2)
  25 merfolk
  9 trolls
  2 large abominations (Elf:1)
  2 meliai (D:14)
  14 polar bears
  5 wind drakes
  4 hornets
  3 blink frogs (Lair:5)
  18 dream sheep
  7 snapping turtles
  An air elemental (Elf:1)
  A shadow (D:9)
  2 spriggan skeletons (D:15)
  3 wraiths
  8 water elementals
  9 slime creatures
  A vampire (D:13)
  29 yaks
  2 wyverns
  2 hogs (Snake:2)
  3 basilisks
  A redback simulacrum (D:15)
  10 steam dragons
  6 vampire mosquitoes
  2 wargs
  23 nagas
  14 water moccasins
  An acid dragon (D:14)
  2 black bears
  24 orc warriors
  2 sky beasts
  3 ogres (Orc:1)
  5 wolves (Lair:1)
  7 centaurs
  3 elf zombies (Elf:1)
  3 kobold brigands
  10 bullfrogs
  A necrophage (D:7)
  2 gnoll sergeants
  4 scorpions
  2 wights (D:6)
  2 howler monkeys
  An electric eel (Snake:2)
  16 nameless horrors
  A jelly (D:8)
  2 hounds (D:7)
  2 gnoll boudas
  12 orc priests
  10 orc wizards
  8 iguanas
  Natasha (twice) (D:4)
  Robin (D:4)
  25 gnolls
  10 adders
  A shadow imp (D:7)
  An ufetubus (D:4)
  2 worms
  A dart slug (D:3)
  39 orcs
  5 ball pythons
  4 bats
  5 endoplasms
  4 giant cockroaches
  15 goblins
  5 hobgoblins (D:4)
  2 jackals (D:2)
  3 quokkas
  3 frilled lizards
  20 kobolds
  5 rats
  18 ballistomycete spores
  A butterfly (Lair:1)
  3 tentacles (Shoals:4)
865 creatures vanquished.

Vanquished Creatures (others)
  A mana viper (Snake:2)
  A salamander (Snake:4)
  2 elephants (Lair:4)
  A black mamba (Lair:1)
  A komodo dragon (Lair:5)
  A polar bear (Lair:3)
  2 nameless horrors (Shoals:4)
  A human (Snake:2)
  5 yaks (Lair:3)
  A vampire mosquito (D:10)
  A naga (Lair:3)
  An orc warrior (D:9)
  A kobold brigand (Bailey)
  10 wights
  A killer bee (Lair:1)
  A gnoll bouda (D:6)
  An iguana (D:5)
  3 gnolls
  A shadow imp (D:6)
  A bush (Lair:5)
  57 fungi
  271 plants
  6 tentacles (Shoals:4)
  3 toadstools (D:10)
  10 withered plants
384 creatures vanquished.

Grand Total: 1485 creatures vanquished

Notes
Turn   | Place    | Note
-------+----------+-------------------------------------------
     0 | D:1      | themarg the Merfolk Summoner began the quest for the Orb.
     0 | D:1      | Reached XP level 1. HP: 13/13 MP: 3/3
   250 | D:1      | Reached XP level 2. HP: 19/19 MP: 0/5
   349 | D:1      | Learned a level 2 spell: Call Imp
   898 | D:2      | Reached XP level 3. HP: 24/24 MP: 2/6
   993 | D:2      | Reached skill level 5 in Summonings
  1042 | D:1      | Learned a level 3 spell: Call Canine Familiar
  1218 | D:2      | Reached XP level 4. HP: 30/30 MP: 2/7
  1443 | D:2      | Found a shadowy altar of Dithmenos.
  2262 | D:3      | Found a blossoming altar of Fedhas.
  2424 | D:3      | Reached XP level 5. HP: 34/35 MP: 0/9
  2758 | D:3      | Reached skill level 1 in Hexes
  3097 | D:3      | Reached XP level 6. HP: 33/41 MP: 4/10
  3257 | D:3      | Found a white marble altar of Elyvilon.
  3277 | D:3      | Reached skill level 6 in Summonings
  3554 | D:3      | Became a worshipper of Fedhas Madash
  3672 | D:4      | Noticed Robin
  3700 | D:4      | Killed Robin
  3792 | D:4      | Noticed Natasha
  3800 | D:4      | Killed Natasha
  3879 | D:4      | Learned a level 3 spell: Summon Guardian Golem
  4011 | D:4      | Reached * piety under Fedhas
  4012 | D:4      | Reached XP level 7. HP: 37/46 MP: 5/11
  4016 | D:4      | Reached skill level 1 in Air Magic
  4166 | D:4      | Found a staircase to the Ecumenical Temple.
  4180 | D:4      | Found an iron altar of Okawaru.
  4184 | D:4      | Found a shimmering blue altar of Sif Muna.
  4200 | D:4      | Noticed Natasha
  4209 | D:4      | Killed Natasha
  4415 | D:4      | Found Jet Acal's Book Shop.
  4459 | D:4      | Noticed Natasha
  4466 | D:4      | Killed Natasha
  4515 | D:5      | Entered Level 5 of the Dungeon
  4799 | D:5      | Noticed Sigmund
  4811 | D:5      | Killed Sigmund
  4812 | D:5      | Reached skill level 7 in Summonings
  4986 | D:5      | Reached skill level 1 in Fighting
  5329 | D:5      | Reached XP level 8. HP: 43/56 MP: 10/13
  6648 | D:6      | Reached ** piety under Fedhas
  6764 | D:6      | Learned a level 4 spell: Summon Lightning Spire
  6812 | D:6      | Reached skill level 5 in Dodging
  6884 | D:6      | Reached skill level 5 in Fighting
  6884 | D:6      | Reached XP level 9. HP: 37/68 MP: 1/15
  7410 | D:6      | Reached skill level 5 in Air Magic
  7410 | D:6      | Reached skill level 1 in Polearms
  8023 | D:7      | Found Xoyvvynt's Jewellery Shop.
  8249 | D:7      | Reached skill level 1 in Invocations
  8500 | D:7      | Reached *** piety under Fedhas
  8995 | D:7      | Found a sparkling altar of Nemelex Xobeh.
  9001 | D:7      | Found a hazy altar of Hepliaklqana.
  9005 | D:7      | Found a stormy altar of Qazlal.
  9177 | D:8      | Noticed Psyche
  9187 | D:8      | Killed Psyche
  9188 | D:8      | Reached skill level 5 in Polearms
  9188 | D:8      | Reached skill level 8 in Summonings
  9609 | D:8      | Noticed Maggie
  9625 | D:8      | Killed Maggie
  9626 | D:8      | Reached XP level 10. HP: 74/74 MP: 3/16
  9831 | D:8      | Found an opulent altar of Gozag.
  9999 | D:9      | Reached skill level 5 in Invocations
 10021 | D:9      | Reached skill level 1 in Throwing
 10021 | D:9      | Reached skill level 1 in Evocations
 10162 | D:9      | Found a runed translucent gate.
 10162 | D:9      | Found a runed translucent gate.
 10162 | D:9      | Found a runed translucent gate.
 10162 | D:9      | Noticed olddryhag's ghost (novice DrTm)
 10162 | D:9      | Noticed a ten-headed hydra
 10167 | D:9      | Paralysed by a hornet for 1 turns
 10180 | D:9      | Reached skill level 9 in Summonings
 10303 | D:9      | Found a shadowy altar of Dithmenos.
 10411 | D:9      | Found a flagged portal.
 10425 | Bailey   | Entered a bailey
 10545 | Bailey   | Reached **** piety under Fedhas
 10687 | Bailey   | Reached skill level 10 in Summonings
 10969 | Bailey   | Found a bloodstained altar of Trog.
 11156 | D:9      | Identified the +7 quarterstaff "Asuteg" {heavy, SInv}
 11725 | D:10     | Entered Level 10 of the Dungeon
 12101 | D:10     | Reached XP level 11. HP: 26/79 MP: 2/17
 12380 | D:10     | Identified the +2 shortbow of the Pharaoh's Fist {flame,
                  | rElec Str-3 Int+2 Dex+4}
 12543 | D:10     | Found an ornate altar of the Wu Jian Council.
 12679 | D:10     | Found a staircase to the Lair.
 13059 | D:10     | Found a staircase to the Orcish Mines.
 13229 | D:11     | Noticed a two-headed ogre
 13246 | D:11     | Killed a two-headed ogre
 13376 | D:8      | Noticed Joseph
 13395 | D:8      | Killed Joseph
 13510 | D:7      | Bought the ring "Qyadet" {rElec rC+} for 585 gold pieces
 13663 | D:11     | Noticed a cyclops
 13874 | D:11     | Noticed a purple ugly thing
 13884 | D:11     | Killed a purple ugly thing
 14136 | D:11     | Noticed Erolcha
 14212 | Lair:1   | Entered Level 1 of the Lair of Beasts
 14260 | Lair:1   | Reached ***** piety under Fedhas
 14261 | Lair:1   | Reached skill level 10 in Dodging
 14582 | Lair:1   | Reached skill level 10 in Invocations
 14898 | Lair:1   | Reached skill level 5 in Spellcasting
 15018 | Lair:1   | Found a runed translucent gate.
 15018 | Lair:1   | Found a runed translucent gate.
 15018 | Lair:1   | Found a runed translucent gate.
 15019 | Lair:1   | Noticed Sotat's ghost (journeyman KoEn)
 15196 | Lair:1   | Reached XP level 12. HP: 50/91 MP: 10/19
 16533 | D:4      | Bought a book of Rime for 308 gold pieces
 16703 | Lair:2   | Reached skill level 1 in Ice Magic
 16913 | Lair:2   | Noticed a catoblepas
 16927 | Lair:2   | Killed a catoblepas
 17656 | Lair:2   | Reached skill level 5 in Ice Magic
 18043 | Lair:2   | Learned a level 3 spell: Frozen Ramparts
 18048 | Lair:2   | Learned a level 4 spell: Summon Ice Beast
 18049 | Lair:3   | Noticed a boulder beetle
 18239 | Lair:3   | Noticed a five-headed hydra
 18253 | Lair:3   | Killed a five-headed hydra
 18549 | Lair:3   | Reached skill level 11 in Summonings
 18659 | Lair:3   | Found a staircase to the Snake Pit.
 18682 | Lair:3   | Reached skill level 10 in Fighting
 18898 | Lair:3   | Killed a boulder beetle
 18899 | Lair:3   | Reached XP level 13. HP: 74/103 MP: 6/20
 19077 | Lair:3   | Reached skill level 12 in Summonings
 19219 | Lair:3   | Found a staircase to the Shoals.
 19679 | Lair:3   | You fall into a shaft and drop 1 floor!
 20587 | Lair:3   | Reached skill level 13 in Summonings
 20933 | D:7      | Bought a ring of wizardry for 450 gold pieces
 22003 | Lair:5   | Entered Level 5 of the Lair of Beasts
 22257 | Lair:5   | Found a staircase to the Slime Pits.
 22258 | Lair:5   | Found a viscous altar of Jiyva.
 22303 | Lair:5   | Reached skill level 14 in Summonings
 23111 | D:8      | Learned a level 7 spell: Summon Hydra
 23292 | Lair:5   | Reached skill level 15 in Summonings
 23435 | Lair:5   | Reached XP level 14. HP: 110/110 MP: 5/23
 24009 | Lair:5   | Reached skill level 5 in Evocations
 24039 | Lair:5   | Reached ****** piety under Fedhas
 24324 | Lair:5   | Found the +8 trident of the Octopus King {venom, rElec
                  | rPois}
 24379 | Lair:5   | Noticed Urug
 26510 | Lair:5   | Killed Urug
 26667 | Lair:5   | Upgraded the game from 0.30-a0-824-g6c64550be9 to
                  | 0.30-a0-830-gfe289a77b0
 26974 | D:11     | Reached skill level 10 in Spellcasting
 27169 | D:11     | Killed Erolcha
 28942 | Orc:1    | Entered Level 1 of the Orcish Mines
 29011 | Orc:1    | Found Idghilo's Magic Scroll Shop.
 29021 | Orc:1    | Bought a scroll of identify for 26 gold pieces
 29021 | Orc:1    | Bought a scroll of identify for 26 gold pieces
 29021 | Orc:1    | Bought a scroll of identify for 26 gold pieces
 29021 | Orc:1    | Bought a scroll of vulnerability for 52 gold pieces
 29039 | Orc:1    | Reached XP level 15. HP: 107/115 MP: 22/29
 29635 | Orc:2    | Entered Level 2 of the Orcish Mines
 29794 | Orc:2    | Found a staircase to the Elven Halls.
 29836 | Orc:2    | Found a runed translucent door.
 29838 | Orc:2    | Noticed Jeffwins's ghost (journeyman HuWn)
 29839 | Orc:2    | Noticed Sonja
 29850 | Orc:2    | Killed Sonja
 31610 | Orc:2    | Found Idauz's Distillery.
 31727 | Orc:2    | Found Xyqeza Onoom's Antique Weapon Shoppe.
 31728 | Orc:2    | Found Cyroplut's Jewellery Shoppe.
 31728 | Orc:2    | Found Lyudiba's Armour Emporium.
 31739 | Orc:2    | Bought 2 potions of lignification for 84 gold pieces
 31739 | Orc:2    | Bought 2 potions of ambrosia for 224 gold pieces
 31739 | Orc:2    | Bought a potion of curing for 42 gold pieces
 31739 | Orc:2    | Bought a potion of magic for 112 gold pieces
 31739 | Orc:2    | Bought 2 potions of magic for 224 gold pieces
 31739 | Orc:2    | Bought 2 potions of heal wounds for 140 gold pieces
 31739 | Orc:2    | Bought a potion of brilliance for 56 gold pieces
 31881 | Orc:2    | Killed Jeffwins's ghost
 32151 | D:13     | Noticed Jorgrun
 32172 | D:13     | Killed Jorgrun
 32173 | D:13     | Reached skill level 10 in Polearms
 32173 | D:13     | Reached skill level 1 in Armour
 33675 | D:13     | Noticed Maurice
 33684 | D:13     | Killed Maurice
 33854 | D:13     | Reached skill level 5 in Armour
 34333 | D:13     | Found a gate to the Vaults.
 34493 | D:14     | Found a frozen archway.
 34501 | IceCv    | Entered an ice cave
 34521 | IceCv    | Reached skill level 1 in Shields
 35167 | IceCv    | Reached skill level 5 in Shields
 35372 | IceCv    | Reached XP level 16. HP: 112/122 MP: 22/30
 36538 | IceCv    | Noticed a shard shrike
 36659 | IceCv    | Killed a shard shrike
 36813 | IceCv    | Identified the +1 leather armour "Raul Gism" {-Cast rF+
                  | Dex+2 Stlth+}
 38099 | D:14     | Found Jufitwul's Weapon Boutique.
 38911 | D:15     | Entered Level 15 of the Dungeon
 39447 | D:15     | Found a staircase to the Depths.
 39780 | D:15     | Reached skill level 10 in Shields
 40810 | D:9      | Killed olddryhag's ghost
 41040 | Lair:1   | Killed Sotat's ghost
 41220 | Snake:1  | Entered Level 1 of the Snake Pit
 41520 | Snake:1  | Found Faipig's Antique Weapon Shoppe.
 41523 | Snake:1  | Found Tethoute's Antique Armour Shoppe.
 41523 | Snake:1  | Found Uczis's Antique Weapon Emporium.
 41528 | Snake:1  | Found Ethreth's Antique Armour Emporium.
 41920 | Snake:1  | Found Punwicae's Mayhem Merchandise.
 43833 | Snake:2  | Noticed Kirke
 43846 | Snake:2  | Reached XP level 17. HP: 99/128 MP: 1/31
 43853 | Snake:2  | Killed Kirke
 45684 | Snake:3  | Noticed Aizul
 45696 | Snake:3  | Killed Aizul
 45704 | Snake:3  | Reached skill level 1 in Conjurations
 45864 | Snake:3  | Noticed Vashnia
 46788 | Snake:3  | Killed Vashnia
 46923 | Snake:3  | Noticed Nikola
 47415 | Snake:3  | Found Wousoas's Distillery.
 47424 | Snake:3  | Bought a potion of heal wounds for 65 gold pieces
 47424 | Snake:3  | Bought a potion of might for 52 gold pieces
 47424 | Snake:3  | Bought a potion of ambrosia for 104 gold pieces
 47424 | Snake:3  | Bought a potion of brilliance for 52 gold pieces
 47424 | Snake:3  | Bought a potion of brilliance for 52 gold pieces
 47424 | Snake:3  | Bought a potion of resistance for 130 gold pieces
 47424 | Snake:3  | Bought a potion of mutation for 104 gold pieces
 47573 | Snake:3  | Killed Nikola
 47703 | Snake:4  | Entered Level 4 of the Snake Pit
 47777 | Snake:4  | Reached skill level 16 in Summonings
 49602 | Snake:4  | Got the Dissertation on Abhorrent Rituals and the Whammy
 50752 | Snake:4  | Reached skill level 1 in Translocations
 50986 | Snake:4  | Reached XP level 18. HP: 134/134 MP: 19/32
 51876 | Snake:4  | Reached skill level 5 in Conjurations
 52024 | Snake:4  | Got a serpentine rune of Zot
 52140 | Snake:4  | Learned a level 2 spell: Blink
 52223 | Shoals:1 | Entered Level 1 of the Shoals
 52320 | Shoals:1 | Noticed Donald
 52331 | Shoals:1 | Killed Donald
 52453 | Shoals:1 | Found Woaffaokk's Jewellery Emporium.
 52775 | Shoals:1 | Reached skill level 17 in Summonings
 53163 | Shoals:1 | Reached skill level 10 in Evocations
 53416 | Shoals:2 | Noticed Ilsuiw
 53429 | Shoals:2 | Killed Ilsuiw
 53430 | Shoals:2 | Reached skill level 1 in Necromancy
 53625 | Shoals:2 | Noticed Polyphemus
 53656 | Shoals:2 | Killed Polyphemus
 54441 | Shoals:3 | Noticed Mlioglotl
 54607 | Shoals:3 | Killed Mlioglotl
 54731 | Shoals:3 | Found Juisal's Jewellery Boutique.
 55121 | Shoals:3 | Reached skill level 5 in Necromancy
 55513 | Shoals:3 | Learned a level 2 spell: Sublimation of Blood
 55514 | Shoals:4 | Entered Level 4 of the Shoals
 55720 | Shoals:4 | Reached skill level 1 in Earth Magic
 55932 | Shoals:4 | Reached XP level 19. HP: 44/140 MP: 21/33
 56303 | Shoals:4 | Identified the +1 scale mail "Giysackie" {rF+ Stlth+}
 57067 | Shoals:4 | Got a barnacled rune of Zot
 58088 | Shoals:4 | Learned a level 5 spell: Borgnjor's Vile Clutch
 58312 | D:7      | Bought the ring of Odghimof {Will+ Dex+3} for 574 gold
                  | pieces
 58414 | Elf:1    | Entered Level 1 of the Elven Halls
 58672 | Elf:1    | Learned a level 5 spell: Summon Forest
 59931 | Elf:1    | Reached skill level 5 in Earth Magic
 60364 | Elf:1    | Got Isecas's Lectures on Mortification
 60538 | Elf:1    | Noticed Roxanne
 60585 | Elf:1    | Killed from afar by Roxanne

Illustrated notes

Levels and vault maps discovered:
D:1:      ncdulo_lavacross, layout_basic
D:2:      layout_rooms, serial_curves, eino_curves_04, eino_curves_01,
          eino_curves_04, eino_curves_02, basic_altar, nrook_mini_backslash
D:3:      minmay_spotlight, layout_loops_cross,
          mainiacjoe_overflow_cross_hatched, fedhas_ov_isle_minmay,
          nicolae_concentric_dashed_squares_wild, minmay_misc_feat_secret_circle
D:4:      layout_basic, jmf_multi_god_temple, minmay_temple_entry_wispy,
          serial_shops, nicolae_shop_behind_doors, uniq_robin, uniq_natasha
D:5:      layout_cave_pods, hangedman_decor_clover_reticule, uniq_sigmund
D:6:      minmay_evil_eye, layout_basic
D:7:      layout_basic, minmay_overflow_temple_star_quad, serial_shops,
          shop_statue
D:8:      layout_basic, mainiacjoe_overflow_catwalk, uniq_maggie, uniq_psyche,
          uniq_joseph
D:9:      layout_basic, grunt_dithmenos_shadows, gammafunk_ghost_hydra_chop,
          enter_bailey_3
D:10:     layout_loops_ring, nzn_wu_jian_contemplation,
          erik_lair_orcish_takeover, orc_0_dummy, minmay_gold_behind_fungi
D:11:     layout_cave_pods, uniq_erolcha
D:12:     layout_rooms
D:13:     layout_loops_ring, skrybe_vaults_entry_preservation,
          fake_guardian_serpent_vault, uniq_maurice, uniq_jorgrun
D:14:     layout_grid_maze, serial_rivers, chequers_serial_rivers_large_a,
          chequers_serial_rivers_room_b, chequers_serial_rivers_room_b,
          chequers_serial_rivers_micro_a, serial_shops,
          nicolae_shop_bloodbath_and_beyond,
          portal_ice_cave_entry_pillars_three, serial_park_tiny_pond,
          minmay_door_square, kennysheep_generic_room_6
D:15:     gammafunk_depths_entry_grave, layout_stronghold,
          minmay_misc_feat_more_columns
Lair:1:   layout_loops_ring, ebering_ghost_rock_garden,
          chequers_serial_rivers_small_b, minivault_25, nzn_random_ring,
          lemuel_fruit_fields
Lair:2:   layout_chaotic_city, infiniplex_staircase_pool
Lair:3:   layout_roguey, minmay_shoals_entry_lonely_mermaid,
          minmay_snake_entry_guardpost_small
Lair:4:   layout_regular_city, bh_autumn_forest_stairs, hibernation_bobbens
Lair:5:   gammafunk_lair_ancient_temple, layout_regular_city, slime_entry_1,
          bobbens_dragon_lair_wall, uniq_urug
Shoals:1: layout_shoals, serial_shops, nicolae_shop_competitors_out_of_business,
          uniq_donald
Shoals:2: layout_shoals, uniq_ilsuiw, uniq_polyphemus
Shoals:3: cheibrodos_shoals_epimethial_gifts, layout_shoals, serial_shops,
          nicolae_shop_stone, uniq_mlioglotl
Shoals:4: shoals_end_grunt_ice, layout_shoals
Snake:1:  layout_onion, minmay_shop_mayhem, minmay_shoptagon,
          grunt_megastairs_3, lemuel_fruit_tree
Snake:2:  layout_onion_interference, serial_bayou_lagoon_a,
          nicolae_snake_dead_anacondas, serial_bayou_shore_b, uniq_kirke
Snake:3:  layout_misc_corridors, serial_shops, nicolae_shop_waterfront,
          uniq_vashnia, uniq_aizul, uniq_nikola
Snake:4:  snake_pit_salamanders_mu, layout_grid_maze, serial_bayou_shore_b
Orc:1:    layout_caves, basic_altar, serial_shops, shop, mines1_david
Orc:2:    st_orc_pillars, layout_caves, gammafunk_ghost_grave, basic_altar,
          uniq_sonja
Elf:1:    minmay_elf_arrival_summoners, layout_geoelf_diagonals,
          minmay_elf_necromancy, uniq_roxanne

Skill      XL: |  1  2  3  4  5  6  7  8  9 10 11 12 13 14 15 16 17 18 19 |
---------------+----------------------------------------------------------+-----
Stealth        | 3 |  3.0
Summonings     | 5 6 7 8 10 11 15 16 17 | 17.0
Hexes          | 2 3 |  3.0
Spellcasting   | 3 4 5 6 10 | 10.6
Air Magic      | 3 4 5 |  5.0
Fighting       | 1 5 7 10 | 10.0
Dodging        | 5 7 10 | 10.0
Polearms       | 5 7 10 | 10.0
Invocations    | 4 6 10 | 10.0
Throwing       | 2 |  2.0
Evocations     | 2 3 5 8 10 | 10.0
Ice Magic      | 5 7 |  7.0
Armour         | 5 7 |  7.7
Shields        | 5 12 14 | 14.0
Conjurations   | 4 5 |  5.0
Translocations | 1 3 |  3.0
Necromancy     | 5 7 |  7.0
Earth Magic    | 2 5 |  5.4

Action                     |  1- 3 |  4- 6 |  7- 9 | 10-12 | 13-15 | 16-18 | 19-21 || total
---------------------------+-------+-------+-------+-------+-------+-------+-------++-------
  Melee: Unarmed           |     5 |       |     1 |       |       |       |       ||     6
         Whip              |     5 |       |       |       |       |       |       ||     5
         Spear             |       |    84 |   199 |    79 |       |       |       ||   362
         Dagger            |       |     5 |       |       |       |       |       ||     5
         Punch             |       |     1 |       |     8 |     3 |     3 |       ||    15
         Trident           |       |       |       |   244 |   394 |   750 |   160 ||  1548
         Tailslap          |       |       |       |     2 |     7 |    18 |     2 ||    29
         Demon trident     |       |       |       |       |       |       |    91 ||    91
  Throw: Dart              |       |       |       |    11 |       |     4 |       ||    15
   Cast: Summon Small Mamm |    35 |    28 |     7 |       |       |       |       ||    70
         Call Imp          |    10 |    20 |    16 |     2 |       |       |       ||    48
         Call Canine Famil |       |    20 |    40 |    65 |    54 |    37 |    11 ||   227
         Summon Guardian G |       |     1 |    29 |    17 |     4 |       |       ||    51
         Summon Lightning  |       |       |    18 |    80 |    68 |    19 |    23 ||   208
         Summon Ice Beast  |       |       |       |     8 |    51 |    35 |     6 ||   100
         Frozen Ramparts   |       |       |       |     2 |    20 |     1 |       ||    23
         Summon Hydra      |       |       |       |       |   167 |   358 |   137 ||   662
         Blink             |       |       |       |       |       |       |     1 ||     1
         Summon Forest     |       |       |       |       |       |       |     1 ||     1
 Invoke: Wall of Briars    |       |       |       |     6 |     2 |     1 |       ||     9
         Grow Ballistomyce |       |       |       |     1 |     2 |     3 |       ||     6
         Grow Oklob        |       |       |       |       |       |     1 |       ||     1
  Evoke: Tin of tremorston |       |       |       |     2 |     1 |     3 |       ||     6
         Wand              |       |       |       |     4 |     1 |     8 |     2 ||    15
         Phial of floods   |       |       |       |       |     2 |     4 |       ||     6
         Phantom mirror    |       |       |       |       |       |     3 |       ||     3
         Condenser vane    |       |       |       |       |       |     1 |       ||     1
    Use: Scroll            |       |       |     4 |     6 |    19 |    17 |    12 ||    58
         Potion            |       |       |     3 |     8 |     2 |    15 |     5 ||    33
   Stab: Distracted        |       |     2 |    10 |     8 |     9 |    20 |     2 ||    51
         Sleeping          |       |     1 |       |       |       |       |       ||     1
         Invisible         |       |       |       |       |       |     1 |       ||     1
         Petrified         |       |       |       |       |       |     1 |       ||     1
 Armour: Robe              |     9 |    19 |    26 |    85 |    48 |       |       ||   187
         Steam dragon scal |       |       |       |       |    10 |       |       ||    10
         Troll leather arm |       |       |       |       |    52 |   228 |    60 ||   340
  Dodge: Dodged            |    16 |    46 |    78 |   271 |   272 |   452 |    96 ||  1231
  Block: Kite shield       |       |       |       |       |       |   286 |    97 ||   383
         Reflection        |       |       |       |       |       |    66 |    24 ||    90

Table legend: (Time is in decaauts)
 A = Elapsed time spent in this place.
 B = Non-inter-level travel time spent in this place.
 C = Inter-level travel time spent in this place.
 D = Time resting spent in this place.
 E = Time spent auto-exploring this place.
 F = Levels seen in this place.
 G = Mean time per level.
                   A        B        C        D        E       F      G
               +--------+--------+--------+--------+--------+-----+--------+
         Total |  59750 |  55615 |   4135 |  12083 |  32903 |  33 | 1810.6 |
       Dungeon |  22845 |  20816 |   2029 |   2263 |  15132 |  15 | 1523.0 |
          Lair |  12462 |  11348 |   1114 |   2489 |   6891 |   5 | 2492.4 |
        Shoals |   5387 |   5076 |    311 |   1301 |   1849 |   4 | 1346.8 |
     Snake Pit |  10968 |  10491 |    477 |   3797 |   5130 |   4 | 2742.0 |
  Orcish Mines |   3178 |   3024 |    154 |    484 |   2122 |   2 | 1589.0 |
   Elven Halls |   1625 |   1576 |     49 |    309 |    778 |   1 | 1625.0 |
        Bailey |    551 |    551 |      0 |    117 |    214 |   1 |  551.0 |
      Ice Cave |   2731 |   2731 |      0 |   1323 |    786 |   1 | 2731.0 |
               +--------+--------+--------+--------+--------+-----+--------+

Top non-repeatable levels by time:
 Snake:4: 3879 daAuts
 Snake:2: 3798 daAuts
  Lair:5: 3273 daAuts
  Lair:4: 2830 daAuts
   IceCv: 2731 daAuts
  Lair:1: 2569 daAuts
Shoals:4: 2326 daAuts
    D:13: 2250 daAuts
  Lair:3: 2238 daAuts
   Orc:2: 2032 daAuts
    D:10: 2008 daAuts
     D:6: 1880 daAuts
 Snake:1: 1805 daAuts
    D:15: 1771 daAuts
     D:9: 1764 daAuts
